Map: Prion Terraces

Players

iaguz - Winner!

  • Race: Terran Terran

NoPinSea (Probe)

  • Race: Protoss Protoss
  • League: Master

Event: 2016 WCS Winter Challenger Oceania SEA

VOD

Have the link to the VOD?

Description

Time

  • Played on: Feb. 13, 2016, 10:01 p.m.
  • Length: 10:26

All games in this series

Show
View Real Time Build Order
Export as new Build Order

iaguz Terran - Winner!

Build Orders: MMM Bio 

Get SALT Encoding   

  12  0:01  SCV  
  13  0:13  SCV  
  14  0:17  Supply Depot  
  14  0:25  SCV  
  15  0:39  SCV  
  15  0:40  Barracks  
  16  0:45  Refinery  
  16  0:51  SCV  
  17  1:03  SCV  
  18  1:15  SCV  
  19  1:28  Orbital Command  
  19  1:29  Barracks Reactor  
  19  1:49  Command Center  
  19  1:57  Supply Depot, SCV  
  20  2:07  Marine x2  
  22  2:09  SCV  
  22  2:14  Factory  
  23  2:21  Bunker  
  23  2:23  SCV  
  23  2:27  Marine  
  23  2:29  Marine  
  25  2:35  SCV  
  27  2:44  Engineering Bay  
  27  2:46  Marine  
  28  2:54  SCV  
  29  2:58  Widow Mine  
  29  3:01  Orbital Command  
  31  3:08  SCV  
  32  3:13  Marine  
  32  3:14  Missile Turret, Marine  
  34  3:20  SCV  
  34  3:23  Refinery  
  35  3:32  Marine  
  35  3:33  Factory Tech Lab  
  35  3:35  SCV  
  35  3:36  Orbital Command  
  36  3:42  Marine  
  36  3:47  SCV  
  38  3:50  Marine  
  38  3:54  Cyclone  
  42  3:59  SCV  
  42  4:00  Marine  
  42  4:01  Supply Depot  
  44  4:04  Supply Depot  
  44  4:07  Orbital Command  
  44  4:08  Marine  
  45  4:13  SCV  
  46  4:17  Command Center  
  46  4:25  SCV, Marine  
  47  4:33  Siege Tank  
  47  4:37  SCV  
  51  4:39  SCV  
  52  4:46  Terran Infantry Weapons Level 1  
  52  4:47  Marine x2  
  54  4:59  SCV x2  
  56  5:02  Supply Depot  
  56  5:03  Supply Depot  
  56  5:09  Barracks x2  
  56  5:13  SCV x2  
  58  5:19  Marine  
  58  5:20  Stimpack  
  59  5:21  Factory Tech Lab  
  59  5:25  SCV x2  
  60  5:30  Orbital Command  
  60  5:37  SCV  
  60  5:39  Marauder  
  60  5:42  Barracks, SCV  
  64  5:43  Barracks  
  64  5:51  SCV  
  64  5:52  Factory Reactor, Starport  
  64  5:54  SCV  
  64  5:56  Refinery  
  64  5:57  Refinery  
  66  6:03  SCV, Orbital Command  
  68  6:06  Marauder  
  69  6:11  SCV  
  69  6:18  Marauder, Missile Turret, Combat Shields, Marine x2  
  74  6:20  SCV  
  74  6:23  SCV  
  76  6:29  Marauder  
  76  6:32  SCV x2  
  80  6:35  Supply Depot, SCV  
  80  6:37  Barracks Reactor, Barracks Tech Lab  
  81  6:41  Marine  
  81  6:42  Marauder, Widow Mine, Medivac x2, Marine  
  81  6:44  SCV x2  
  93  6:52  Terran Infantry Armor Level 1  
  93  6:53  SCV  
  93  6:56  Supply Depot  
  93  6:57  Supply Depot  
  93  6:58  Supply Depot, SCV x2  
  95  7:02  Marine x2  
  95  7:03  Concussive Shells  
  95  7:07  Marauder x2  
  101  7:10  Marauder  
  101  7:15  Marine x2  
  105  7:20  SCV x3  
  108  7:27  Medivac x2  
  112  7:30  Widow Mine  
  112  7:31  Marauder x2, Marine x2  
  112  7:32  SCV  
  112  7:35  Refinery  
  121  7:39  SCV x2  
  121  7:41  Supply Depot x2  
  122  7:44  Liberator  
  122  7:45  Liberator, Marine  
  122  7:46  Marauder, Marine  
  122  7:48  SCV  
  128  7:51  Refinery, SCV  
  128  7:52  SCV  
  133  8:17  SCV x3, Marine  
  133  8:18  Marauder, Marine  
  139  8:26  Marauder x2, Marine x2  
  142  8:29  Armory, SCV x3  
  142  8:31  Supply Depot, Engineering Bay  
  144  8:35  Factory Reactor, Liberator x2, Marine  
  144  8:39  Starport  
  145  8:44  Marine x2  
  145  8:45  Marauder  
  149  8:54  Supply Depot  
  155  8:57  Supply Depot x2  
  155  8:59  Command Center  
  155  9:02  Marauder  
  157  9:03  Marine x2  
  157  9:06  Marauder  
  154  9:15  SCV x3  
  149  9:20  Liberator x2  
  149  9:23  Marauder, Marine x2  
  151  9:24  Marine x2  
  151  9:25  Marauder  
  151  9:27  SCV x2  
  151  9:53  Medivac x2  
  141  10:03  Marauder x3, Marine x4  
  141  10:04  SCV x2  
  141  10:05  SCV  
Show
View Real Time Build Order
Export as new Build Order

NoPinSea Protoss 

Build Orders: Oracle Opening 

Get SALT Encoding   

  12  0:00  Probe (Chrono Boost)  
  13  0:11  Probe (Chrono Boost)  
  14  0:18  Pylon  
  14  0:22  Probe (Chrono Boost)  
  15  0:37  Probe (Chrono Boost)  
  15  0:38  Gateway  
  16  0:46  Assimilator  
  16  0:47  Probe (Chrono Boost)  
  17  0:53  Assimilator  
  17  0:58  Probe (Chrono Boost)  
  18  1:08  Probe (Chrono Boost)  
  19  1:19  Probe (Chrono Boost)  
  19  1:25  Pylon  
  20  1:26  Cybernetics Core  
  20  1:29  Probe (Chrono Boost)  
  20  1:31  Zealot  
  23  1:43  Probe (Chrono Boost)  
  25  1:54  Probe (Chrono Boost)  
  25  2:02  Stargate  
  25  2:07  Stalker (Chrono Boost)  
  25  2:08  Warp Gate (Chrono Boost)  
  27  2:19  Probe  
  28  2:39  Nexus  
  28  2:46  Oracle (Chrono Boost)  
  31  3:03  Pylon  
  31  3:19  Gateway  
  31  3:21  Probe, Gateway  
  34  3:33  Probe  
  35  3:37  Oracle (Chrono Boost)  
  36  3:45  Probe  
  37  3:50  Robotics Facility  
  37  3:51  Probe  
  38  3:57  Probe  
  38  4:02  Probe  
  39  4:08  Phoenix (Chrono Boost)  
  39  4:09  Mothership Core  
  44  4:12  Probe  
  45  4:19  Stalker  
  45  4:23  Probe  
  47  4:31  Probe, Phoenix (Chrono Boost)  
  51  4:39  Probe  
  52  4:46  Observer (Chrono Boost)  
  52  4:49  Pylon  
  52  4:51  Pylon  
  53  4:54  Assimilator  
  53  4:57  Probe, Assimilator  
  54  5:01  Twilight Council  
  54  5:05  Pylon  
  54  5:06  Probe  
  54  5:13  Probe, Observer (Chrono Boost)  
  57  5:16  Probe  
  55  5:31  Immortal (Chrono Boost)  
  55  5:34  Probe, Stalker x2  
  63  5:36  Probe  
  63  5:41  Pylon  
  65  5:44  Pylon  
  65  5:46  Resonating Glaives (Chrono Boost)  
  65  5:56  Adept  
  67  6:02  Nexus  
  63  6:04  Probe x2  
  63  6:06  Immortal  
  63  6:10  Oracle  
  72  6:19  Pylon  
  72  6:21  Sentry  
  72  6:23  Adept  
  72  6:24  Adept  
  78  6:39  Probe  
  79  6:43  Observer  
  79  6:46  Gateway  
  80  6:47  Gateway  
  80  6:49  Gateway  
  80  6:50  Probe  
  80  6:51  Probe  
  82  6:57  Adept x3  
  88  7:03  Observer  
  88  7:04  Templar Archives  
  88  7:06  Probe  
  90  7:09  Probe  
  90  7:12  Blink (Chrono Boost)  
  91  7:16  Forge  
  91  7:17  Forge  
  91  7:18  Probe  
  92  7:23  Probe  
  92  7:26  Immortal  
  93  7:32  Psionic Storm  
  97  7:49  Probe x3  
  100  7:51  Assimilator  
  100  7:53  Assimilator  
  100  8:01  Probe x3  
  102  8:08  Adept x4  
  106  8:13  Probe x3  
  107  8:25  Probe, High Templar x2  
  107  8:35  Probe x2  
  107  8:41  Pylon  
  109  8:42  Pylon  
  109  8:49  Gateway  
  109  8:51  Nexus, Gateway  
  109  8:53  Gateway  
  109  8:54  Immortal  
  109  8:59  Probe  
  109  9:00  Adept x2  
  109  9:01  Adept x3  
  123  9:18  Pylon  
  123  9:19  Pylon  
  123  9:20  Pylon x2  
  123  9:21  Adept x3  
  123  9:23  Pylon  
  118  9:32  Pylon  
  118  9:34  Pylon  
  118  9:35  Pylon  
  118  9:36  Dark Shrine  
  112  9:42  Adept x6  
  116  10:02  Nexus  
  116  10:03  High Templar x2  
  116  10:04  High Templar x2  
  123  10:10  Archon x2, Adept x2  
  123  10:14  Archon  
Tags
 
Add a new tag
Caveats
  • Supply blocks, unpowered buildings, or Contaminate may cause inaccurate times.
  • Supply counts are checked every 10 seconds.